Map: Романтицид РВ

Players

SunSinK - Winner!

  • Race: Terran Terran
  • League: Platinum

Kantara

  • Race: Zerg Zerg
  • League: Diamond

VOD

Have the link to the VOD?

Description

Time

  • Played on: Aug. 17, 2021, 5:26 a.m.
  • Length: 15:37
Show
View Real Time Build Order
Export as new Build Order

SunSinK Terran - Winner!

Build Orders:  

Get SALT Encoding   

  12  0:05  SCV  
  13  0:17  SCV  
  14  0:21  Supply Depot  
  14  0:29  SCV  
  15  0:43  SCV  
  15  0:45  Barracks  
  15  0:47  Refinery  
  16  0:55  SCV  
  17  1:07  SCV  
  18  1:19  SCV  
  20  1:35  Reaper  
  20  1:38  Supply Depot  
  21  1:44  Orbital Command  
  20  2:00  Command Center  
  20  2:07  Marine  
  21  2:15  Factory  
  21  2:20  SCV  
  22  2:32  SCV  
  23  2:38  Barracks Reactor  
  23  2:44  SCV  
  24  2:56  SCV  
  25  3:05  Command Center  
  25  3:11  SCV  
  25  3:12  Supply Depot  
  26  3:21  SCV  
  26  3:23  SCV  
  26  3:24  Starport  
  28  3:31  Hellion  
  28  3:33  Hellion, SCV  
  33  3:35  SCV  
  34  3:47  Refinery  
  34  3:48  Supply Depot  
  34  3:51  Orbital Command  
  34  4:01  Hellion  
  34  4:02  Hellion  
  38  4:04  SCV  
  39  4:16  SCV  
  40  4:17  Barracks Tech Lab  
  40  4:19  Viking  
  40  4:21  SCV  
  44  4:28  SCV  
  44  4:29  Orbital Command  
  44  4:33  SCV  
  44  4:34  Hellion  
  44  4:36  Hellion  
  49  4:46  SCV, Engineering Bay  
  49  4:52  SCV  
  51  4:55  Supply Depot  
  51  4:58  SCV  
  52  5:07  Barracks  
  52  5:09  SCV x2  
  52  5:10  SCV, Factory Tech Lab  
  55  5:20  Orbital Command  
  55  5:21  SCV  
  55  5:22  SCV  
  58  5:33  Refinery, SCV  
  58  5:34  Supply Depot  
  58  5:35  Refinery  
  58  5:36  Supply Depot  
  58  5:37  Engineering Bay  
  58  5:49  Marine x2  
  60  5:50  Banshee  
  60  5:51  Siege Tank  
  66  5:59  SCV x3  
  67  6:11  SCV x3  
  65  6:14  Marine x2  
  65  6:16  Cloaking Field  
  65  6:17  Barracks Tech Lab  
  65  6:23  SCV x3  
  64  6:35  SCV  
  61  6:41  Marine x2  
  61  6:42  Marine  
  61  6:43  Siege Tank  
  60  6:49  SCV x3  
  60  6:51  Terran Infantry Weapons Level 1  
  63  6:59  Marine x2, Supply Depot  
  63  7:00  Stimpack  
  63  7:01  SCV x3  
  66  7:06  Barracks  
  66  7:07  Barracks  
  68  7:08  Barracks  
  68  7:10  Barracks  
  68  7:13  SCV x2  
  68  7:14  Banshee  
  68  7:15  Siege Tank  
  76  7:21  Refinery  
  76  7:22  Refinery  
  76  7:26  SCV  
  76  7:27  SCV  
  76  7:28  SCV, Factory, Armory  
  76  7:29  Command Center  
  79  7:32  Supply Depot  
  79  7:37  Bunker  
  79  7:38  Marine x3  
  82  7:47  Siege Tank  
  82  7:48  Terran Infantry Armor Level 1  
  86  8:08  Barracks Reactor  
  86  8:09  Barracks Reactor  
  86  8:10  Barracks Tech Lab  
  86  8:11  Barracks Reactor  
  85  8:14  Factory Reactor  
  85  8:19  Siege Tank  
  88  8:20  Marine  
  88  8:21  Marine  
  88  8:22  Medivac x2, SCV  
  88  8:23  SCV x2  
  88  8:26  Supply Depot  
  97  8:28  Supply Depot x2  
  97  8:29  Command Center  
  97  8:31  Barracks  
  97  8:37  SCV x3, Marine  
  97  8:38  Marine  
  97  8:39  Marauder  
  104  8:41  Drilling Claws  
  104  8:47  Terran Infantry Weapons Level 2  
  104  8:48  Marine x5  
  105  8:49  SCV x3, Marine  
  113  8:55  Marine  
  113  8:57  Medivac, Marauder  
  113  9:00  Marauder  
  113  9:01  SCV x3  
  123  9:13  SCV x3, Marine  
  123  9:17  Marine x4  
  127  9:18  Marauder, Marine x2  
  127  9:20  Widow Mine x2  
  127  9:21  Marine  
  140  9:25  SCV  
  141  9:31  Marauder  
  141  9:34  Marine  
  143  9:39  Marauder x2  
  143  9:41  Widow Mine x2  
  137  9:49  Planetary Fortress  
  137  9:57  Sensor Tower  
  137  9:59  Marauder, Marine x6  
  144  10:01  Widow Mine, Marauder  
  144  10:02  Medivac  
  144  10:04  Refinery  
  151  10:08  Refinery  
  151  10:12  Missile Turret, Supply Depot  
  151  10:13  Missile Turret  
  151  10:14  Missile Turret  
  151  10:16  Supply Depot  
  151  10:21  Thor  
  151  10:24  Marine  
  151  10:26  Supply Depot  
  151  10:27  Widow Mine x2  
  162  10:32  Marine  
  162  10:33  Marine x4  
  162  10:34  Marine  
  168  10:36  Marine  
  168  10:37  Marine  
  170  10:43  Barracks Reactor  
  170  10:51  Supply Depot  
  170  10:52  Marine, Supply Depot x2  
  170  10:53  Missile Turret, Marine x4  
  170  10:54  Supply Depot  
  175  11:04  Thor  
  175  11:13  Marauder x2, Marine x6  
  175  11:14  Marauder  
  178  11:30  Marine  
  172  11:34  Marine x7  
  172  11:35  Marauder  
  135  11:48  Marine  
  135  11:52  Marine x5, Command Center  
  135  11:53  Medivac x2, Marauder  
  147  11:55  Widow Mine  
  147  11:56  SCV  
  147  11:59  SCV x2  
  147  12:00  SCV  
  153  12:06  Marine x2  
  153  12:07  Marine  
  156  12:10  Marine x2  
  158  12:15  Unknown  
  158  12:24  SCV x4, Marine  
  158  12:25  Marine x6  
  158  12:28  Marine x2  
  171  12:42  Medivac, Widow Mine x2, Marine  
  171  12:43  Medivac, Marauder x2, Marine x4, Terran Infantry Weapons Level 3  
  164  12:54  Marine x2  
  164  12:56  Widow Mine  
  164  12:57  Terran Infantry Armor Level 2  
  164  12:58  SCV  
  169  13:00  Marine  
  169  13:01  Marine  
  169  13:02  Marine  
  169  13:04  Widow Mine, Marauder, Marine  
  169  13:05  Marauder x2  
  181  13:10  Supply Depot  
  181  13:11  Marine  
  174  13:12  Medivac x2  
  174  13:13  Supply Depot  
  177  13:23  Planetary Fortress  
  177  13:27  Command Center x2  
  177  13:29  Planetary Fortress  
  177  13:30  SCV  
  177  13:31  SCV x2  
  180  13:42  Medivac  
  180  13:43  SCV  
  177  14:12  Marine x2  
  177  14:13  Marine x3  
  182  14:19  Marine x2  
  182  14:20  Marauder x2  
  180  14:30  Marine x4  
  180  14:31  Marine  
  175  14:32  Widow Mine x2  
  175  14:34  Medivac x2  
  175  14:37  Marauder, Marine  
  183  14:40  Thor  
  183  14:41  Marauder x2  
  178  14:48  Marine  
  170  14:53  Widow Mine  
  170  15:08  Marine  
  170  15:09  Marine x3  
  170  15:10  Marauder x3, Marine x2, Command Center  
  170  15:11  Barracks  
  182  15:15  Refinery  
  194  15:29  Refinery  
Show
View Real Time Build Order
Export as new Build Order

Kantara Zerg 

Build Orders: Hatch First 

Get SALT Encoding   

  12  0:00  Drone  
  13  0:12  Overlord  
  13  0:17  Drone  
  14  0:37  Drone x2  
  16  0:50  Hatchery  
  16  0:53  Drone  
  16  0:56  Drone  
  17  1:03  Drone  
  18  1:10  Extractor  
  17  1:17  Spawning Pool  
  16  1:18  Drone  
  16  1:22  Drone  
  18  1:33  Drone  
  19  1:46  Overlord  
  19  2:04  Queen  
  19  2:05  Queen  
  23  2:17  Drone  
  23  2:19  Zergling x4  
  26  2:24  Drone x2  
  26  2:25  Drone  
  26  2:28  Metabolic Boost  
  29  2:43  Spore Crawler  
  29  2:59  Drone x6  
  35  3:11  Extractor  
  34  3:17  Hatchery  
  34  3:33  Drone  
  36  3:34  Drone  
  36  3:39  Baneling Nest  
  35  3:42  Overlord x3  
  35  3:48  Lair  
  35  3:57  Drone  
  35  4:00  Drone x5, Queen  
  43  4:06  Extractor  
  43  4:07  Extractor  
  43  4:09  Zergling x4  
  41  4:18  Zergling x4  
  43  4:26  Zergling x8  
  43  4:29  Queen  
  49  4:52  Drone  
  50  4:53  Drone x9  
  59  5:21  Drone  
  60  5:30  Overlord x3  
  60  5:31  Overlord  
  60  5:33  Centrifugal Hooks  
  60  5:37  Evolution Chamber  
  57  5:44  Queen x2  
  57  5:47  Evolution Chamber  
  57  5:48  Zergling x2, Queen  
  57  5:49  Zergling x14  
  60  6:33  Drone  
  60  6:34  Drone x15  
  73  6:45  Spore Crawler  
  73  6:46  Spore Crawler  
  69  6:47  Spore Crawler  
  69  6:50  Extractor  
  69  6:52  Zerg Ground Armor Level 1  
  69  6:53  Zerg Melee Weapons Level 1  
  66  7:00  Zergling x16  
  74  7:14  Extractor  
  73  7:16  Extractor  
  72  7:23  Hatchery  
  72  7:27  Drone x2  
  72  7:28  Hatchery, Drone x6  
  78  7:35  Baneling x8  
  78  7:36  Baneling x8  
  78  7:37  Zergling x2  
  78  7:38  Zergling x6  
  78  7:43  Overlord x3  
  82  7:59  Overlord x5  
  82  8:00  Extractor  
  82  8:04  Zergling x14  
  88  8:21  Zergling x2  
  88  8:22  Zergling x8  
  93  8:38  Queen  
  95  9:03  Overseer  
  93  9:19  Zerg Melee Weapons Level 2  
  93  9:20  Zerg Ground Armor Level 2  
  93  9:23  Zergling x2  
  93  9:24  Zergling x48  
  116  9:31  Queen  
  104  9:45  Baneling x5  
  96  9:46  Baneling x25  
  96  9:47  Zergling x2, Baneling x4  
  96  9:48  Zergling x14  
  104  9:55  Zergling x2  
  104  9:56  Zergling x10  
  110  10:11  Spore Crawler  
  109  10:27  Zergling x2  
  109  10:28  Zergling x38  
  124  10:34  Infestation Pit  
  128  10:47  Spire  
  127  10:52  Zergling x2  
  127  10:53  Zergling x32  
  144  10:57  Baneling x2  
  144  10:58  Baneling x8  
  121  11:11  Zergling x2  
  121  11:12  Zergling x18  
  121  11:15  Baneling  
  121  11:16  Baneling x13  
  110  11:31  Zergling x2  
  110  11:32  Zergling x26  
  83  11:48  Hive  
  83  11:50  Zergling x10  
  88  12:09  Hatchery, Drone  
  88  12:10  Drone x7  
  84  12:49  Zergling x30  
  84  12:50  Zergling x8  
  89  12:52  Baneling x3  
  75  13:14  Spire  
  74  13:28  Spawning Pool  
  74  13:29  Drone x5  
  74  13:30  Drone x14  
  92  13:38  Hatchery  
  91  13:42  Ultralisk Cavern  
  90  13:53  Baneling  
  90  14:19  Zergling x2  
  90  14:20  Zergling x36  
  96  14:32  Zergling x8  
  87  14:54  Mutalisk  
  87  14:56  Mutalisk x2  
  87  14:58  Ultralisk  
  112  15:30  Hatchery  
Tags
 
Add a new tag
Caveats
  • Supply blocks, unpowered buildings, or Contaminate may cause inaccurate times.
  • Supply counts are checked every 10 seconds.